BLB
DALLAS DRILLERS @ PAWTUCKET PATRIOTS
06/22/2059
 
TOP OF THE 1ST
Dallas Drillers batting - Pitching for Pawtucket Patriots : LHP Brendin Basham
Pitching: LHP Brendin Basham
Batting: RHB Aubrey Albano 0-0: Ball
1-0: Called Strike
1-1: Ball
2-1: SINGLE (Groundball, 6, EV 96.9 MPH)
Batting: RHB Jehvon Curry 0-0: Ball
1-0: Fly out, F7 (Line Drive, 7S, EV 97.5 MPH)
Batting: SHB Cooper Heizer 0-0: Ball
1-0: Foul Ball, location: 2F
1-1: Ball
2-1: Swinging Strike
2-2: Foul Ball, location: 2F
2-2: SINGLE (Groundball, 34D, EV 95.0 MPH)
Aubrey Albano to second
Aubrey Albano to third
Batting: RHB Julian Irwin 0-0: Ball
1-0: Ball
2-0: Foul Ball, location: 2F
2-1: Ball
3-1: Swinging Strike
3-2: Strikes out swinging
Batting: RHB Latif Won 0-0: Called Strike
0-1: Ball
1-1: Called Strike
1-2: Ball
2-2: 3-RUN HOME RUN (Flyball, 7D, EV 94.4 MPH), Distance : 343 ft
Batting: RHB Pat Trumbo 0-0: Called Strike
0-1: Ball
1-1: Fly out, F8 (Flyball, 8LM, EV 99.4 MPH)
Top of the 1st over - 3 runs, 3 hits, 0 errors, 0 left on base; Dallas 3 - Pawtucket 0
BOTTOM OF THE 1ST
Pawtucket Patriots batting - Pitching for Dallas Drillers : RHP Jerry Cook
Pitching: RHP Jerry Cook
Batting: RHB Keith Friday 0-0: Swinging Strike
0-1: Fly out, F8 (Flyball, 8RD, EV 75.6 MPH)
Batting: RHB Brayden Carlson 0-0: Ball
1-0: Foul Ball, location: 2F
1-1: Swinging Strike
1-2: Ground out 4-3 (Groundball, 4, EV 81.9 MPH)
Batting: LHB Ira Benda 0-0: Ball
1-0: Ground out 1-3 (Groundball, 15S, EV 74.4 MPH)
Bottom of the 1st over - 0 runs, 0 hits, 0 errors, 0 left on base; Dallas 3 - Pawtucket 0
TOP OF THE 2ND
Dallas Drillers batting - Pitching for Pawtucket Patriots : LHP Brendin Basham
Batting: RHB Sean Kovacevic 0-0: Called Strike
0-1: Ball
1-1: Swinging Strike
1-2: Fly out, F8 (Flyball, 8LXD, EV 92.5 MPH)
Batting: RHB Maurice Johnson 0-0: Fly out, F7 (Flyball, 7D, EV 104.4 MPH)
Batting: RHB Markel Crawford 0-0: Fly out, F7 (Flyball, 7LD, EV 81.9 MPH)
Top of the 2nd over - 0 runs, 0 hits, 0 errors, 0 left on base; Dallas 3 - Pawtucket 0
BOTTOM OF THE 2ND
Pawtucket Patriots batting - Pitching for Dallas Drillers : RHP Jerry Cook
Batting: RHB Mason Gilbert 0-0: Foul Ball, location: 2F
0-1: Swinging Strike
0-2: Ball
1-2: Ground out 6-3 (Groundball, 6MD, EV 103.8 MPH)
Batting: LHB Justin Knight 0-0: Called Strike
0-1: Foul Ball, location: 2F
0-2: Fly out, F7 (Flyball, 7D, EV 91.2 MPH)
Batting: SHB Cody Janway 0-0: Ball
1-0: Foul Ball, location: 2F
1-1: Called Strike
1-2: Strikes out swinging
Bottom of the 2nd over - 0 runs, 0 hits, 0 errors, 0 left on base; Dallas 3 - Pawtucket 0
TOP OF THE 3RD
Dallas Drillers batting - Pitching for Pawtucket Patriots : LHP Brendin Basham
Batting: RHB Aubrey Albano 0-0: Ball
1-0: Swinging Strike
1-1: Ball
2-1: SINGLE (Groundball, 4MD, EV 108.1 MPH)
Batting: RHB Jehvon Curry 0-0: Called Strike
0-1: Ball
1-1: Ball
2-1: Ball
3-1: DOUBLE (Line Drive, 7LM, EV 108.1 MPH)
Aubrey Albano to third
Runner from 3rd tries for Home, SAFE, throw by LF to trailing runner, OUT at third! 7-3-5
Batting: SHB Cooper Heizer 0-0: Called Strike
0-1: Foul Ball, location: 2F
0-2: Foul Ball, location: 2F
0-2: Fly out, F7 (Flyball, 7, EV 91.2 MPH)
Batting: RHB Julian Irwin 0-0: Called Strike
0-1: Ball
1-1: Ball
2-1: Called Strike
2-2: Fly out, F3 (Popup, 3S, EV 75.6 MPH)
Top of the 3rd over - 1 run, 2 hits, 0 errors, 0 left on base; Dallas 4 - Pawtucket 0
BOTTOM OF THE 3RD
Pawtucket Patriots batting - Pitching for Dallas Drillers : RHP Jerry Cook
Batting: RHB Ricky Douglas 0-0: Foul Ball, location: 2F
0-1: Swinging Strike
0-2: Strikes out swinging
Batting: RHB Brenden Morris 0-0: Ball
1-0: SOLO HOME RUN (Flyball, 78XD, EV 110.0 MPH), Distance : 406 ft
Batting: RHB Paxton Barnett 0-0: Ball
1-0: Foul Ball, location: 2F
1-1: Ball
2-1: Ground out 5-3 (Groundball, 56S, EV 93.1 MPH)
Batting: RHB Keith Friday 0-0: Ball
1-0: Foul Ball, location: 2F
1-1: Ground out 4-3 (Groundball, 34D, EV 93.8 MPH)
Bottom of the 3rd over - 1 run, 1 hit, 0 errors, 0 left on base; Dallas 4 - Pawtucket 1
TOP OF THE 4TH
Dallas Drillers batting - Pitching for Pawtucket Patriots : LHP Brendin Basham
Batting: RHB Latif Won 0-0: Called Strike
0-1: Ball
1-1: Ball
2-1: Ball
3-1: Foul Ball, location: 2F
3-2: Foul Ball, location: 2F
3-2: Ground out 6-3 (Groundball, 6, EV 79.4 MPH)
Batting: RHB Pat Trumbo 0-0: Foul Ball, location: 2F
0-1: Foul Ball, location: 2F
0-2: DOUBLE (Flyball, 8RXD, EV 108.1 MPH)
Batting: RHB Sean Kovacevic 0-0: Called Strike
0-1: Foul Ball, location: 2F
0-2: Strikes out looking
Batting: RHB Maurice Johnson 0-0: Ball
1-0: Called Strike
1-1: Ball
2-1: Called Strike
2-2: Foul Ball, location: 2F
2-2: Fly out, F7 (Flyball, 7, EV 84.4 MPH)
Top of the 4th over - 0 runs, 1 hit, 0 errors, 1 left on base; Dallas 4 - Pawtucket 1
BOTTOM OF THE 4TH
Pawtucket Patriots batting - Pitching for Dallas Drillers : RHP Jerry Cook
Batting: RHB Brayden Carlson 0-0: Swinging Strike
0-1: Ball
1-1: DOUBLE (Flyball, 8LXD, EV 102.5 MPH)
Batting: LHB Ira Benda 0-0: Ball
1-0: Called Strike
1-1: Fly out, F8 (Flyball, 8RXD, EV 103.8 MPH)
Runner from 2nd tags up, SAFE at 3rd, no throw by CF
Batting: RHB Mason Gilbert 0-0: Called Strike
0-1: Ball
1-1: Called Strike
1-2: Ball
2-2: Ball
3-2: Ground out 5-3 (Groundball, 5, EV 81.9 MPH)
Batting: LHB Justin Knight 0-0: Called Strike
0-1: Ball
1-1: Ground out 4-3 (Groundball, 34D, EV 98.1 MPH)
Bottom of the 4th over - 0 runs, 1 hit, 0 errors, 1 left on base; Dallas 4 - Pawtucket 1
TOP OF THE 5TH
Dallas Drillers batting - Pitching for Pawtucket Patriots : LHP Brendin Basham
Batting: RHB Markel Crawford 0-0: Called Strike
0-1: Foul Ball, location: 2F
0-2: Ball
1-2: Ball
2-2: SINGLE (Line Drive, 8LS, EV 105.6 MPH)
Batting: RHB Aubrey Albano 0-0: Called Strike
0-1: Swinging Strike
0-2: SINGLE (Line Drive, 7S, EV 94.4 MPH)
Markel Crawford to second
Batting: RHB Jehvon Curry 0-0: Bunted foul
0-1: Bunted foul
0-2: Foul Ball, location: 2F
0-2: Fly out, F7 (Flyball, 7LMF, EV 76.2 MPH)
Batting: SHB Cooper Heizer 0-0: Ball
1-0: Fly out, F9 (Flyball, 89S, EV 82.5 MPH)
Batting: RHB Julian Irwin 0-0: Ball
1-0: 3-RUN HOME RUN (Flyball, 7D, EV 96.2 MPH), Distance : 366 ft
Pitching: LHP Kris Elliott
Batting: RHB Latif Won 0-0: Foul Ball, location: 2F
0-1: Foul Ball, location: 2F
0-2: Strikes out swinging
Top of the 5th over - 3 runs, 3 hits, 0 errors, 0 left on base; Dallas 7 - Pawtucket 1
BOTTOM OF THE 5TH
Pawtucket Patriots batting - Pitching for Dallas Drillers : RHP Jerry Cook
Batting: SHB Cody Janway 0-0: Ball
1-0: Foul Ball, location: 2F
1-1: Foul Ball, location: 2F
1-2: Ball
2-2: Foul Ball, location: 2F
2-2: Ball
3-2: Ground out 5-3 (Groundball, 5, EV 87.5 MPH)
Batting: RHB Ricky Douglas 0-0: Called Strike
0-1: Called Strike
0-2: Ball
1-2: Ball
2-2: Ball
3-2: Ground out 5-3 (Groundball, 5, EV 88.8 MPH)
Batting: RHB Brenden Morris 0-0: SINGLE (Groundball, 6MD, EV 96.2 MPH)
Batting: RHB Paxton Barnett 0-0: Swinging Strike
0-1: Foul Ball, location: 2F
0-2: Ball
1-2: Ball
2-2: Ball
3-2: Foul Ball, location: 2F
3-2: TRIPLE (Flyball, 89XD, EV 100.0 MPH)
Brenden Morris scores
Batting: RHB Keith Friday 0-0: Ball
1-0: Called Strike
1-1: Called Strike
1-2: Ball
2-2: Ground out 4-3 (Groundball, 4, EV 103.1 MPH)
Bottom of the 5th over - 1 run, 2 hits, 0 errors, 1 left on base; Dallas 7 - Pawtucket 2
TOP OF THE 6TH
Dallas Drillers batting - Pitching for Pawtucket Patriots : LHP Kris Elliott
Batting: RHB Pat Trumbo 0-0: Swinging Strike
0-1: Ball
1-1: Ball
2-1: TRIPLE (Line Drive, 78XD, EV 105.6 MPH)
Batting: RHB Sean Kovacevic 0-0: Called Strike
0-1: Ball
1-1: Ball
2-1: Called Strike
2-2: Ball
3-2: Foul Ball, location: 2F
3-2: Base on Balls
Batting: RHB Maurice Johnson 0-0: Called Strike
0-1: Swinging Strike
0-2: Ball
1-2: Ball
2-2: Strikes out swinging
Batting: RHB Markel Crawford 0-0: Called Strike
0-1: Ball
1-1: Hit by Pitch
Sean Kovacevic to second
Batting: RHB Aubrey Albano 0-0: Swinging Strike
0-1: Ball
1-1: Foul Ball, location: 2F
1-2: Strikes out looking
Batting: RHB Jehvon Curry 0-0: Ball
1-0: Ball
2-0: Called Strike
2-1: SINGLE (Groundball, 56, EV 105.0 MPH) (infield hit)
Pat Trumbo scores
Sean Kovacevic to third
Markel Crawford to second
Batting: SHB Cooper Heizer 0-0: Foul Ball, location: 2F
0-1: Ball
1-1: Foul Ball, location: 2F
1-2: Ball
2-2: Ball
3-2: Foul Ball, location: 2F
3-2: Strikes out looking
Top of the 6th over - 1 run, 2 hits, 0 errors, 3 left on base; Dallas 8 - Pawtucket 2
BOTTOM OF THE 6TH
Pawtucket Patriots batting - Pitching for Dallas Drillers : RHP Jerry Cook
Batting: RHB Brayden Carlson 0-0: Called Strike
0-1: Foul Ball, location: 2F
0-2: Strikes out looking
Batting: LHB Ira Benda 0-0: Ball
1-0: Called Strike
1-1: Ground out 1-3 (Groundball, 23, EV 65.6 MPH)
Batting: RHB Mason Gilbert 0-0: Called Strike
0-1: Foul Ball, location: 2F
0-2: Foul Ball, location: 2F
0-2: Ball
1-2: Foul Ball, location: 2F
1-2: Ball
2-2: Strikes out swinging
Bottom of the 6th over - 0 runs, 0 hits, 0 errors, 0 left on base; Dallas 8 - Pawtucket 2
TOP OF THE 7TH
Dallas Drillers batting - Pitching for Pawtucket Patriots : LHP Kris Elliott
Batting: RHB Julian Irwin 0-0: Called Strike
0-1: Ball
1-1: Swinging Strike
1-2: Foul Ball, location: 2F
1-2: Ball
2-2: Strikes out swinging
Batting: RHB Latif Won 0-0: Fly out, F9 (Flyball, 9S, EV 93.8 MPH)
Batting: RHB Pat Trumbo 0-0: Ball
1-0: SINGLE (Line Drive, 8RS, EV 88.8 MPH)
Batting: RHB Sean Kovacevic 0-0: Ball
1-0: Called Strike
1-1: Ball
2-1: Foul Ball, location: 2F
2-2: Foul Ball, location: 2F
2-2: Strikes out looking
Top of the 7th over - 0 runs, 1 hit, 0 errors, 1 left on base; Dallas 8 - Pawtucket 2
BOTTOM OF THE 7TH
Pawtucket Patriots batting - Pitching for Dallas Drillers : RHP Jerry Cook
Batting: LHB Justin Knight 0-0: Fly out, F9 (Flyball, 9D, EV 78.1 MPH)
Batting: SHB Cody Janway 0-0: Ball
1-0: Called Strike
1-1: Ball
2-1: Ball
3-1: Base on Balls
Batting: RHB Ricky Douglas 0-0: Called Strike
Cody Janway steals 2nd base
0-1: Ball
Wild Pitch!
Cody Janway to third
1-1: Swinging Strike
1-2: Ball
2-2: Ball
3-2: Strikes out swinging
Batting: RHB Brenden Morris 0-0: Ball
1-0: Ball
2-0: Called Strike
2-1: Called Strike
2-2: Foul Ball, location: 2F
2-2: Fly out, F7 (Flyball, 7LSF, EV 80.6 MPH)
Bottom of the 7th over - 0 runs, 0 hits, 0 errors, 1 left on base; Dallas 8 - Pawtucket 2
TOP OF THE 8TH
Dallas Drillers batting - Pitching for Pawtucket Patriots : LHP Kris Elliott
Pitching: LHP Cory Seyfarth
Batting: RHB Maurice Johnson 0-0: Ball
1-0: Ball
2-0: Fly out, F4 (Line Drive, 4, EV 73.1 MPH)
Batting: RHB Markel Crawford 0-0: Swinging Strike
0-1: Ball
1-1: Swinging Strike
1-2: Ball
2-2: Strikes out swinging
Batting: RHB Aubrey Albano 0-0: Ball
1-0: Ball
2-0: Called Strike
2-1: SINGLE (Groundball, 56S, EV 61.2 MPH) (infield hit)
Batting: RHB Jehvon Curry 0-0: Called Strike
0-1: Called Strike
0-2: Foul Ball, location: 2F
0-2: Ball
1-2: Strikes out looking
Top of the 8th over - 0 runs, 1 hit, 0 errors, 1 left on base; Dallas 8 - Pawtucket 2
BOTTOM OF THE 8TH
Pawtucket Patriots batting - Pitching for Dallas Drillers : RHP Jerry Cook
Pitching: RHP Henry Kemp
Batting: RHB Paxton Barnett 0-0: Ball
1-0: Ball
2-0: Called Strike
2-1: Foul Ball, location: 2F
2-2: Ball
3-2: SINGLE (Groundball, 56D, EV 108.1 MPH)
Batting: RHB Keith Friday 0-0: Grounds into double play, 4-6-3 (Groundball, 4, EV 85.6 MPH)
Batting: RHB Brayden Carlson 0-0: Ball
1-0: Ball
2-0: Swinging Strike
2-1: Called Strike
2-2: Strikes out swinging
Bottom of the 8th over - 0 runs, 1 hit, 0 errors, 0 left on base; Dallas 8 - Pawtucket 2
TOP OF THE 9TH
Dallas Drillers batting - Pitching for Pawtucket Patriots : LHP Cory Seyfarth
Batting: SHB Cooper Heizer 0-0: Ball
1-0: Ball
2-0: Ball
3-0: Called Strike
3-1: Base on Balls
Batting: RHB Julian Irwin 0-0: Ball
1-0: Swinging Strike
1-1: Ball
2-1: Ball
3-1: Base on Balls
Cooper Heizer to second
Batting: RHB Latif Won 0-0: Foul Ball, location: 2F
0-1: Ball
1-1: Grounds into double play, 6-4-3 (Groundball, 6, EV 90.0 MPH)
Cooper Heizer to third
Pitching: RHP J.D. de Leon
Batting: RHB Pat Trumbo 0-0: Ball
1-0: Foul Ball, location: 2F
1-1: Called Strike
1-2: Ball
2-2: Strikes out swinging
Top of the 9th over - 0 runs, 0 hits, 0 errors, 1 left on base; Dallas 8 - Pawtucket 2
BOTTOM OF THE 9TH
Pawtucket Patriots batting - Pitching for Dallas Drillers : RHP Henry Kemp
Batting: LHB Ira Benda 0-0: Fly out, F8 (Flyball, 8LXD, EV 78.8 MPH)
Batting: RHB Mason Gilbert 0-0: Swinging Strike
0-1: Ball
1-1: SOLO HOME RUN (Flyball, 78XD, EV 100.0 MPH), Distance : 401 ft
Batting: LHB Justin Knight 0-0: Called Strike
0-1: Ball
1-1: Ball
2-1: Ball
3-1: Foul Ball, location: 2F
3-2: Ground out 4-3 (Groundball, 4, EV 86.2 MPH)
Batting: SHB Cody Janway 0-0: Called Strike
0-1: SINGLE (Flyball, 3D, EV 97.5 MPH)
Batting: RHB Ricky Douglas 0-0: Ball
1-0: Called Strike
1-1: Called Strike
1-2: Foul Ball, location: 2F
1-2: Foul Ball, location: 2F
1-2: Strikes out looking
Bottom of the 9th over - 1 run, 2 hits, 0 errors, 1 left on base; Dallas 8 - Pawtucket 3
Thursday, March 7th , 2024 - OOTP Baseball 23.10 Build 110